[Event "Tournoi de MI Clichy 92 2022"]
[Site "Clichy, France"]
[Date "2022.02.24"]
[Round "6.4"]
[White "Degardin, Sylvain"]
[Black "Petrov, Martin"]
[Result "0-1"]
[TimeControl "1H40 40 moves plus 30 minutes + 30 seconds from move one"]
[WhiteElo "2288"]
[BlackElo "2547"]

1. e4 c5 2. Nf3 Nc6 3. Bb5 g6 4. O-O Bg7 5. Re1 e5 6. Bxc6 dxc6 7. d3 Qe7 8. Nbd2 Nh6 9. Nc4 f6 10.
a4 b6 11. Bd2 O-O 12. Rb1 Be6 13. Qe2 Nf7 14. b3 Nd8 15. Bc3 Bf7 16. g3 Ne6 17. b4 cxb4 18. Bxb4 c5 19. Ba3 Qd7 20.
a5 b5 21. Ne3 Rfd8 22. Nd5 Nd4 23. Nxd4 cxd4 24. Nb4 Rac8 25. Bc1 Bf8 26. Bd2 Rc7 27. Rb2 Rdc8 28. Rc1 Bd6 29. f3 Qe7 30.
Qd1 Rc3 31. Rcb1 Bxb4 32. Rxb4 Rxc2 33. Rxb5 Qa3 34. Bh6 Qa2 35. Qf1 Rxh2 36. Rb8 Rxh6 37. Rxc8+ Kg7 0-1

[Event "Tournoi de MI Clichy 92 2022"]
[Site "Clichy, France"]
[Date "2022.02.24"]
[Round "6.5"]
[White "Soham Das"]
[Black "Decuigniere, Tom"]
[Result "1-0"]
[TimeControl "1H40 40 moves plus 30 minutes + 30 seconds from move one"]
[WhiteElo "2378"]
[BlackElo "2292"]

1. e4 c5 2. Nf3 g6 3. Bc4 Bg7 4. c3 e6 5. O-O Ne7 6. d4 cxd4 7. Nxd4 d5 8. exd5 Nxd5 9. Nb5 a6 10.
Bxd5 axb5 11. Bf3 O-O 12. Qb3 Nd7 13. Na3 Ra5 14. Be3 Qh4 15. Nxb5 Ne5 16. Be2 Bd7 17. Nd4 Rfa8 18. Qxb7 Qd8 19.
Qe4 f5 20. Qc2 Ng4 21. Bxg4 fxg4 22. f3 e5 23. Nb3 Bf5 24. Qf2 Rxa2 25. Rxa2 Rxa2 26. fxg4 Be6 27. Nc5 Bc4 28. Re1 Qb6 29.
Bc1 Qc6 30. Rd1 Ra8 31. Be3 Rf8 32. Qd2 Bf6 33. Nd7 Rf7 34. h3 Bg7 35. Nc5 h6 36. b3 Bf8 37. Nd7 Bxb3 38. Nxe5 Qe4 39.
Nxf7 Bxd1 40. Nxh6+ Bxh6 41. Bxh6 Ba4 42. Qf2 Qb7 43. Qf8+ Kh7 44. Be3 1-0

[Event "Tournoi de MI Clichy 92 2022"]
[Site "Clichy, France"]
[Date "2022.02.24"]
[Round "6.1"]
[White "Onkoud, Abdelaziz"]
[Black "Droin, Augustin"]
[Result "0-1"]
[TimeControl "1H40 40 moves plus 30 minutes + 30 seconds from move one"]
[WhiteElo "2317"]
[BlackElo "2365"]

1. Nf3 d5 2. e3 c5 3. c4 e6 4. d4 Nf6 5. Nc3 dxc4 6. Bxc4 a6 7. a4 b6 8. O-O Bb7 9. Qe2 Nc6 10.
Rd1 Qc7 11. d5 exd5 12. Nxd5 Nxd5 13. Bxd5 Be7 14. Bd2 Bf6 15. Bc3 Bxc3 16. bxc3 O-O 17. Rab1 Nd4 18. cxd4 Bxd5 19. dxc5 Qxc5 20.
Nd4 Be4 21. Rb2 Rfd8 22. f3 Bg6 23. Rb3 Rac8 24. Qxa6 Qe5 25. Re1 Qe8 26. Qe2 Rd6 27. Qb2 Rc4 28. Re2 Rxa4 29. Rxb6 Rxb6 30.
Qxb6 Ra1+ 31. Kf2 h6 32. Rd2 Qe7 33. Qb8+ Kh7 34. Ne2 Qh4+ 35. Qg3 Qb4 36. Qd6 Qb1 37. e4 Qf1+ 38. Kg3 Ra5 39.
Nf4 Rg5+ 40. Kh3 Bh5 41. Rd1 Qf2 42. Qd2 Qb6 43. g4 Bg6 44. Nd5 Qe6 45. Qf4 f6 46. Kg3 Re5 47. Rc1 h5 48.
h3 h4+ 49. Kf2 Qd6 50. Rd1 Bf7 51. Nc3 Qc7 52. Ne2 Qb6+ 53. Qe3 Qc7 54. Rc1 Qb8 55. Qc3 Re7 56. Qc5 Qh2+ 57. Ke3 Rb7 58.
Qf5+ Bg6 59. Qd5 Rb2 60.
Qc4 Be8 61. Rc2 Bb5 62. Qc8 Rb3+ 63. Nc3 Qxc2 64. Qf5+ g6 65. Kd4 0-1

[Event "Tournoi de MI Clichy 92 2022"]
[Site "Clichy, France"]
[Date "2022.02.24"]
[Round "6.3"]
[White "Mekhane, Adam"]
[Black "Benmesbah, Natacha"]
[Result "0-1"]
[TimeControl "1H40 40 moves plus 30 minutes + 30 seconds from move one"]
[WhiteElo "2316"]
[BlackElo "2221"]

1. e4 c5 2. Nf3 Nc6 3. d4 cxd4 4.
Nxd4 e5 5. Nb5 d6 6. N1c3 a6 7. Na3 Be7 8. Nc4 b5 9. Ne3 Nf6 10. Bd3 Nb4 11. a3 Nxd3+ 12. Qxd3 O-O 13. O-O Be6 14.
a4 b4 15. Ncd5 Nxd5 16. Nxd5 Bxd5 17. exd5 f5 18. a5 e4 19. Qc4 Qc8 20. Qxb4 Qxc2 21. Be3 Rab8 22. Bb6 Rfc8 23. Qa3 Qc4 24.
Rfd1 Qb5 25. Bd4 Qb3 26. Qxb3 Rxb3 27. Kf1 Bg5 28. h4 Bh6 29. Bc3 Rc5 30. Ra4 Rbb5 31. Rb4 g6 32. Rxb5 Rxb5 33.
b4 Kf7 34. Ke2 Bf8 35. Be1 Be7 36. g3 h6 37. f3 exf3+ 38. Kxf3 g5 39. h5 Bf6 40. g4 f4 41. Ke4 Rb7 42.
Rc1 Bb2 43. Rb1 Re7+ 44. Kd3 Re3+ 45. Kc2 Bd4 46. Bf2 Re2+ 47. Kd3 Rxf2 48. Kxd4 Rg2 49. b5 axb5 50. Rxb5 Rxg4 51. Rb7+ Kf6 52.
Rh7 f3+ 53. Ke3 Rf4 54. Rxh6+ Kf5 55.
Rh8 Kg4 56. Kf2 Ra4 57. h6 Rxa5 58. Rf8 Ra2+ 59. Ke3 Re2+ 60. Kd3 Re7 61. Rf6 Kg3 62. Rxd6 Rf7 63. h7 Rxh7 64. Rf6 g4 65.
d6 Rd7 66. Ke3 Rd8 67. Re6 Kg2 68. Rf6 Re8+ 69. Kf4 g3 70. d7 Rd8 71. Rg6 Rf8+ 72. Ke3 f2 73. Rf6 Rxf6 0-1

[Event "Tournoi de MI Clichy 92 2022"]
[Site "Clichy, France"]
[Date "2022.02.24"]
[Round "6.2"]
[White "Sorbe, Stephane"]
[Black "Valles Moreno, Ivan"]
[Result "1/2-1/2"]
[TimeControl "1H40 40 moves plus 30 minutes + 30 seconds from move one"]
[WhiteElo "2326"]
[BlackElo "2393"]

1. e4 c5 2. Nc3 Nc6 3. g3 g6 4. Bg2 Bg7 5. d3 d6 6. Be3 Nd4 7. f4 Qd7 8. Nf3 b6 9. O-O Bb7 10.
a4 a6 11. Qd2 Nh6 12. h3 Nxf3+ 13. Rxf3 f5 14. Rff1 O-O 15. Kh2 e6 16. Rfe1 d5 17. exd5 exd5 18. Bg1 d4 19. Nb1 Bxg2 20.
Qxg2 Kh8 21. Nd2 Rae8 22. Nc4 b5 23. Nb6 Qd6 24. a5 Ng8 25. Qd5 Qxd5 26. Nxd5 Nf6 27. Nc7 Rc8 28. Ne6 Rfe8 29.
Re2 Nd5 30. Rae1 Bf6 31. Bf2 Kg8 32. Nxd4 Rxe2 33. Nxe2 Bxb2 34. c4 bxc4 35. dxc4 Nf6 36. Rb1 Ba3 37. Rb6 Ne4 38. Be1 Rd8 39.
Nc3 Rd4 40. Nxe4 Rxe4 41. Bf2 Rxc4 42. Rxa6 Rc2 43. Kg2 Bb2 44. Kf3 Rc3+ 1/2-1/2

[ePGN "0.1;DGT LiveChess/2.2.5"]

[Event "Tournoi de MI Clichy 92 2022"]
[Site "Clichy, France"]
[Date "2022.02.25"]
[Round "7.2"]
[White "Valles Moreno, Ivan"]
[Black "Mekhane, Adam"]
[Result "1-0"]
[TimeControl "1H40 40 moves plus 30 minutes + 30 seconds from move one"]
[WhiteElo "2393"]
[BlackElo "2316"]

1. Nf3 Nf6 2. c4 e6 3. g3 d5 4. Bg2 d4 5. O-O Nc6 6. d3 Bc5 7. Na3 O-O 8. Rb1 e5 9. Bg5 h6 10.
Bxf6 Qxf6 11. Nc2 a5 12. a3 a4 13. Nd2 Qe7 14. Ne4 Bb6 15. b4 axb3 16. Rxb3 Bd7 17. Qb1 Ra7 18. Rc1 Be6 19.
Rb5 f5 20. Nd2 Ra5 21. Nb3 Rxb5 22.
cxb5 Na5 23. Nxa5 Bxa5 24. Nb4 f4 25. Bxb7 fxg3 26. hxg3 Qg5 27. Bf3 h5 28. Rc6 Bd7 29. Qc1 Qf5 30.
Bd5+ Rf7 31. Bxf7+ Qxf7 32. Qc4 Bxc6 33. Qxf7+ Kxf7 34. Nxc6 1-0

[Event "Tournoi de MI Clichy 92 2022"]
[Site "Clichy, France"]
[Date "2022.02.25"]
[Round "7.5"]
[White "Droin, Augustin"]
[Black "Sorbe, Stephane"]
[Result "1-0"]
[TimeControl "1H40 40 moves plus 30 minutes + 30 seconds from move one"]
[WhiteElo "2365"]
[BlackElo "2326"]

1. e4 c6 2. d4 d5 3. e5 Bf5 4.
h4 Qb6 5. c4 dxc4 6. Nc3 e6 7. Bxc4 h6 8. Nge2 Ne7 9. Bb3 Nd5 10. Ng3 Bh7 11. O-O Nd7 12. Nxd5 cxd5 13. Be3 O-O-O 14. Bc2 Bxc2 15. Qxc2+ Kb8 16. Rab1 Be7 17. h5 Qa6 18. a4 Bb4 19. Rfc1 Rc8 20. Qd1 Rxc1 21. Rxc1 Rc8 22. Rxc8+ Kxc8 23.
Qf3 Qxa4 24. Qxf7 Qd1+ 25. Nf1 Nf8 26. Qxg7 Qxh5 27. Bd2 1-0

[Event "Tournoi de MI Clichy 92 2022"]
[Site "Clichy, France"]
[Date "2022.02.25"]
[Round "7.3"]
[White "Petrov, Martin"]
[Black "Onkoud, Abdelaziz"]
[Result "1-0"]
[TimeControl "1H40 40 moves plus 30 minutes + 30 seconds from move one"]
[WhiteElo "2547"]
[BlackElo "2317"]

1. e4 d6 2. d4 g6 3. Nc3 Bg7 4. f4 Nf6 5. Nf3 O-O 6. Bd3 Na6 7. O-O c5 8. d5 Nc7 9. a4 Rb8 10.
Kh1 b6 11. Nb5 a6 12. Nxc7 Qxc7 13. c4 b5 14. Qe2 bxc4 15. Bxc4 Rb4 16. Ra2 Bd7 17. b3 e6 18. Bd2 exd5 19. Bxb4 dxc4 20. Bc3 cxb3 21. Raa1 Re8 22. Qb2 Nh5 23.
Bxg7 Nxg7 24. Qxb3 Rxe4 25. Ng5 Be6 26. Qd3 Rb4 27. Nxe6 fxe6 28. Qxa6 Qb8 29. a5 Nf5 30. Qd3 Qa8 31.
a6 c4 32. Qc3 Rb6 33. Qxc4 d5 34. Qc7 1-0

[Event "Tournoi de MI Clichy 92 2022"]
[Site "Clichy, France"]
[Date "2022.02.25"]
[Round "7.1"]
[White "Benmesbah, Natacha"]
[Black "Soham Das"]
[Result "0-1"]
[TimeControl "1H40 40 moves plus 30 minutes + 30 seconds from move one"]
[WhiteElo "2221"]
[BlackElo "2378"]

1. e4 c6 2. d4 d5 3. e5 c5 4. dxc5 e6 5. Qg4 Nd7 6. Nf3 Qc7 7. Bb5 Qxc5 8. Nc3 Qb4 9. Nd4 a6 10.
a3 Qa5 11. Bxd7+ Bxd7 12. O-O Rc8 13. Nb3 Qc7 14. Be3 Qxe5 15. Rfe1 Nf6 16. Qf3 Qh5 17. Qg3 Qg6 18. Bg5 Be7 19.
Rad1 Nh5 20. Qe5 Bxg5 21. Rxd5 Bc6 22. Qxg5 Bxd5 23. Qxd5 O-O 24. Qxb7 Qxc2 25. Re2 Qd3 26. Rd2 Qc4 27.
Rd4 Qc6 28. Qe7 Nf6 29. h4 Rb8 30. Na5 Qb6 31. Qb4 Qc7 32. Qa4 Rxb2 33. Nc4 Rbb8 34. Qxa6 Qc5 35. Rd3 Rfd8 36. Nd6 Ng4 37.
Nde4 Rb1+ 38. Nd1 Rxd1+ 0-1

[Event "Tournoi de MI Clichy 92 2022"]
[Site "Clichy, France"]
[Date "2022.02.25"]
[Round "7.4"]
[White "Decuigniere, Tom"]
[Black "Degardin, Sylvain"]
[Result "1-0"]
[TimeControl "1H40 40 moves plus 30 minutes + 30 seconds from move one"]
[WhiteElo "2292"]
[BlackElo "2288"]

1. c4 e5 2. g3 Nf6 3. Bg2 d5 4. cxd5 Nxd5 5. Nc3 Nb6 6. Nf3 Nc6 7. O-O Be7 8. a3 O-O 9. b4 Be6 10.
Rb1 f6 11. d3 a5 12. b5 Nd4 13. Nd2 Qc8 14. e3 Nf5 15. Qc2 Rd8 16. Nce4 Qd7 17. Nb3 Na4 18. d4 exd4 19. Nxd4 Nxd4 20.
exd4 Qxd4 21. Bf4 Qc4 22. Qxc4 Bxc4 23. Rfc1 Bd3 24. Rb3 Bxe4 25. Bxe4 Nc5 26. Re3 Nxe4 27. Rxe4 Bxa3 28. Rxc7 b6 29.
Rb7 Bc5 30. Be3 Rdb8 31. Rd7 a4 32. Bxc5 bxc5 33. Ree7 a3 34. Rxg7+ Kh8 35. Rxh7+ Kg8 36. Rdg7+ Kf8 37. Ra7 Kg8 38.
Rhb7 Rxb7 39. Rxa8+ Kf7 40. Rxa3 Rxb5 41. Ra6 Rb1+ 42. Kg2 Rc1 43. h4 c4 44. Rc6 c3 45. Kf3 c2 46. Kg4 Kg6 47.
Kf4 1-0

[ePGN "0.1;DGT LiveChess/2.2.5"]

[Event "Tournoi de MI Clichy 92 2022"]
[Site "Clichy, France"]
[Date "2022.02.26"]
[Round "8.5"]
[White "Soham Das"]
[Black "Degardin, Sylvain"]
[Result "0-1"]
[TimeControl "1H40 40 moves plus 30 minutes + 30 seconds from move one"]
[WhiteElo "2378"]
[BlackElo "2288"]

1. e4 c5 2. Nf3 d6 3. d4 cxd4 4. Nxd4 Nf6 5. Nc3 a6 6. Qf3 g6 7. h3 Bg7 8. Be3 O-O 9. O-O-O Bd7 10.
g4 Nc6 11. Qe2 Rc8 12. f4 Nxd4 13. Bxd4 Qa5 14. e5 Nd5 15. Nxd5 Qxd5 16. Bg2 Qxa2 17. Bxb7 Bb5 18. Qe3 dxe5 19.
fxe5 Rc7 20. Be4 Rfc8 21. h4 Ba4 22. Rh2 e6 23. h5 Bf8 24. hxg6 fxg6 25. Rdh1 Bxc2 26. Rxc2 Rxc2+ 27. Bxc2 Qa1+ 28. Kd2 Qxh1 29. Qf2 Bh6+ 0-1

[Event "Tournoi de MI Clichy 92 2022"]
[Site "Clichy, France"]
[Date "2022.02.26"]
[Round "8.4"]
[White "Mekhane, Adam"]
[Black "Droin, Augustin"]
[Result "1/2-1/2"]
[TimeControl "1H40 40 moves plus 30 minutes + 30 seconds from move one"]
[WhiteElo "2316"]
[BlackElo "2365"]

1. e4 c5 2. Nf3 d6 3. d4 Nf6 4. Nc3 cxd4 5. Nxd4 e5 6. Bb5+ Nbd7 7. Nf5 a6 8. Bxd7+ Qxd7 9. Ne3 Qc6 10. Qd3 Be7 11. Ncd5 Nxd5 12.
Nxd5 Be6 13. O-O Rc8 14. c3 Bxd5 15. exd5 Qc4 16. Qxc4 Rxc4 17. Be3 Kd7 18. Rfc1 Rhc8 19. a4 f5 20.
f3 g5 21. Kf1 g4 22. Rc2 gxf3 23. gxf3 Rh4 24. b3 Bf6 25. Re1 b5 26. axb5 axb5 27. Ra1 Rc7 28. Ra6 e4 29. c4 bxc4 30.
bxc4 Be5 31. Ra8 Rb7 32. fxe4 Rb1+ 33. Rc1 Rxc1+ 34. Bxc1 Rxh2 35. Ra7+ Ke8 36. Be3 f4 37. Ra8+ Kf7 38. Bf2 f3 39. Kg1 Rh3 40. c5 Bh2+ 41.
Kf1 Be5 42. Kg1 Bh2+ 43. Kf1 Be5 44.
Be3 1/2-1/2

[Event "Tournoi de MI Clichy 92 2022"]
[Site "Clichy, France"]
[Date "2022.02.26"]
[Round "8.2"]
[White "Onkoud, Abdelaziz"]
[Black "Decuigniere, Tom"]
[Result "0-1"]
[TimeControl "1H40 40 moves plus 30 minutes + 30 seconds from move one"]
[WhiteElo "2317"]
[BlackElo "2292"]

1. Nf3 c5 2. c4 g6 3. g3 Bg7 4. Bg2 Nc6 5. Nc3 d6 6. O-O Bf5 7. d3 Qd7 8. Bd2 Bh3 9. Rb1 Bxg2 10.
Kxg2 e6 11. a3 Nge7 12. b4 O-O 13. Qc1 Nf5 14. Ne4 b6 15. Bc3 Nfd4 16. Bxd4 Nxd4 17. Nxd4 cxd4 18. Qf4 d5 19. Nd2 Rac8 20.
Rfc1 e5 21. Qh4 f5 22. cxd5 Qxd5+ 23. Kg1 Bf6 24. Qh6 Rc3 25. Nc4 b5 26. Rxc3 dxc3 27. Ne3 Qa2 28. Rc1 Qxa3 29. Nd5 Bg7 30.
Qg5 e4 31. dxe4 f4 32. Rf1 c2 33. Ne7+ Kf7 34. Qc5 Qc3 35. Qxa7 c1=Q 36. Nd5+ Kg8 37. Nxc3 Qxc3 38. Rd1 fxg3 39.
hxg3 Qxb4 40. Rd7 Qc3 41. Kg2 Qe5 42. Qb7 g5 43. f3 Qb2 44. Kh3 Kh8 45. Rf7 Rg8 46. e3 h5 47. Qd7 Qb1 48. Kg2 0-1

[Event "Tournoi de MI Clichy 92 2022"]
[Site "Clichy, France"]
[Date "2022.02.26"]
[Round "8.3"]
[White "Sorbe, Stephane"]
[Black "Petrov, Martin"]
[Result "0-1"]
[TimeControl "1H40 40 moves plus 30 minutes + 30 seconds from move one"]
[WhiteElo "2326"]
[BlackElo "2547"]

1. e4 c5 2. Nc3 Nc6 3. g3 g6 4. Bg2 Bg7 5. d3 d6 6. Be3 Rb8 7. f4 b5 8. Qd2 b4 9. Nd1 a5 10.
Ne2 Nd4 11. c3 Nxe2 12. Qxe2 Nf6 13. O-O Ng4 14. c4 O-O 15. h3 Nxe3 16. Nxe3 f5 17. Rae1 b3 18. a3 fxe4 19. dxe4 Bd4 20.
Kh2 e6 21. Rd1 Qe7 22. Rd2 Ba6 23. Rfd1 Qg7 24. h4 Rbe8 25. Ng4 h5 26. Nf2 e5 27. f5 d5 28. exd5 gxf5 29. Qxh5 e4 30.
Nh3 Qg4 31. Qxg4+ fxg4 32. Nf4 e3 33. Re2 Bxc4 34. Nd3 Bb5 35. d6 Rd8 36. Bd5+ Kh8 37. a4 Ba6 38. Ree1 Rxd6 39. Nf4 Rxf4 40.
gxf4 Rxd5 41. Rxe3 Bxe3 42. Rxd5 Bxf4+ 43. Kg1 Bc4 44. Rf5 Be3+ 45. Kg2 Bd4 46. Rg5 Bd3 0-1

[Event "Tournoi de MI Clichy 92 2022"]
[Site "Clichy, France"]
[Date "2022.02.26"]
[Round "8.1"]
[White "Benmesbah, Natacha"]
[Black "Valles Moreno, Ivan"]
[Result "1-0"]
[TimeControl "1H40 40 moves plus 30 minutes + 30 seconds from move one"]
[WhiteElo "2221"]
[BlackElo "2393"]

1. e4 d6 2. d4 Nf6 3. Nc3 e5 4. Nf3 Nbd7 5. Rg1 c6 6. g4 g6 7. g5 Nh5 8. Be3 Bg7 9. Qd2 O-O 10.
O-O-O Qa5 11. Kb1 Re8 12. d5 c5 13. Nb5 Qb6 14. a4 Bf8 15. h4 Qd8 16. Nh2 a6 17. Na3 b5 18. axb5 Nb6 19.
Be2 axb5 20. Bxb5 Bd7 21. Be2 Ra4 22. Bxh5 gxh5 23. f3 Qa8 24. Qc3 Rb8 25. Bc1 Nxd5 26. Rxd5 Rxa3 27. b3 Ra4 28.
Bb2 Rd4 29. Rxd4 cxd4 30. Qd3 d5 31. exd5 Qxd5 32. Nf1 Qa5 33. Ng3 Bb4 34. Nxh5 Be6 35. g6 hxg6 36. Rxg6+ Kf8 37. Rxe6 fxe6 38.
Qh7 Be7 39. Qh8+ Kf7 40. Qxb8 Qe1+ 41. Bc1 d3 42. cxd3 Qe2 43. Qb5 Qxf3 44. Qxe5 Qxd3+ 45. Kb2 Qf3 46. Qg7+ Ke8 47. Qg6+ Kd7 48.
Nf4 Qf2+ 49. Kb1 1-0

[ePGN "0.1;DGT LiveChess/2.2.5"]

[Event "Tournoi de MI Clichy 92 2022"]
[Site "Clichy, France"]
[Date "2022.02.27"]
[Round "9.2"]
[White "Degardin, Sylvain"]
[Black "Onkoud, Abdelaziz"]
[Result "1/2-1/2"]
[TimeControl "1H40 40 moves plus 30 minutes + 30 seconds from move one"]
[WhiteElo "2288"]
[BlackElo "2317"]

1. e4 d6 2. d4 g6 3. Nc3 Bg7 4. Be3 a6 5. Qd2 Nd7 6. Nf3 e6 7. Bd3 h6 8. O-O Ne7 9. Ne2 b6 10.
Ng3 c5 11. c3 Qc7 12. h3 Bb7 13. Nh2 Nf6 14. Rfe1 Rd8 15. Ng4 Neg8 16. Qe2 Qc8 17. b4 Nxg4 18. hxg4 Nf6 19. g5 Nd7 20.
bxc5 bxc5 21. Rab1 Qc7 22. Bxa6 Ba8 23. Bd3 h5 24. Nf1 Ke7 25. f4 Kf8 26. Nh2 d5 27. e5 Kg8 28. g4 hxg4 29.
Nxg4 cxd4 30. cxd4 Nb6 31. Kg2 Nc4 32. Rh1 Rxh1 33. Rxh1 Rb8 34. Bc1 Bc6 35. Kg3 Qa7 36. Qf2 Rb4 37.
Nf6+ Kf8 38. Rh7 Ra4 39. Bb1 Qa5 40. Kg4 Qc3 41. Qg1 Nd2 42. Rh3 Qa5 43. Qd1 Nc4 44. Rb3 Qa7 45. Qd3 Nxe5+ 46. dxe5 Qg1+ 47. Qg3 Qxc1 48. Qe3 Qd1+ 49. Qf3 Qg1+ 50. Qg3 Qd1+ 51. Qf3 1/2-1/2

[Event "Tournoi de MI Clichy 92 2022"]
[Site "Clichy, France"]
[Date "2022.02.27"]
[Round "9.4"]
[White "Decuigniere, Tom"]
[Black "Sorbe, Stephane"]
[Result "1-0"]
[TimeControl "1H40 40 moves plus 30 minutes + 30 seconds from move one"]
[WhiteElo "2292"]
[BlackElo "2326"]

1. d4 d5 2. c4 c6 3. Nc3 Nf6 4. e3 g6 5. h3 Bg7 6. Nf3 O-O 7. Bd3 b6 8. O-O Bb7 9. Qe2 Nbd7 10.
cxd5 cxd5 11. a4 Ne4 12. Ba6 Qc8 13. Bxb7 Qxb7 14. Qb5 e6 15. Nd2 f5 16. Ndxe4 fxe4 17. Bd2 a6 18. Qb3 Rf5 19.
Ne2 g5 20. Rac1 Raf8 21. Bb4 R8f7 22. Ng3 R5f6 23. Nh5 Rh6 24. Nxg7 Kxg7 25. Bd6 Nf6 26. Rc3 g4 27. Rfc1 Ne8 28.
Be5+ Kg6 29. Rc6 Qe7 30. Qxd5 Kh5 31. hxg4+ Kh4 32. Qxe4 Nf6 33. Bg3+ Kg5 34. Qe5+ Kg6 35. g5 1-0

[Event "Tournoi de MI Clichy 92 2022"]
[Site "Clichy, France"]
[Date "2022.02.27"]
[Round "9.5"]
[White "Droin, Augustin"]
[Black "Benmesbah, Natacha"]
[Result "1-0"]
[TimeControl "1H40 40 moves plus 30 minutes + 30 seconds from move one"]
[WhiteElo "2365"]
[BlackElo "2221"]

1. e4 c5 2. Nf3 Nc6 3. Bb5 g6 4. Bxc6 dxc6 5. d3 Bg7 6. h3 Nf6 7. Nc3 O-O 8. Be3 b6 9. Qd2 e5 10.
Bh6 Qd6 11. Bxg7 Kxg7 12. a4 Ne8 13. a5 b5 14. O-O Nc7 15. Ne2 Ne6 16. c3 Rd8 17. Rfd1 Ba6 18. Ng5 b4 19. Nxe6+ Qxe6 20.
Qe3 Rd7 21. Nc1 c4 22. d4 exd4 23. Rxd4 Rad8 24. Ne2 c5 25. Rxd7 Rxd7 26. e5 Rd3 27. Nf4 Qc6 28. Nxd3 cxd3 29.
cxb4 cxb4 30. Qd4 Kg8 31. Qd6 Qc4 32. Re1 Bc8 33. b3 Qc3 34. Re4 d2 35. Rd4 1-0

[Event "Tournoi de MI Clichy 92 2022"]
[Site "Clichy, France"]
[Date "2022.02.27"]
[Round "9.3"]
[White "Petrov, Martin"]
[Black "Mekhane, Adam"]
[Result "1-0"]
[TimeControl "1H40 40 moves plus 30 minutes + 30 seconds from move one"]
[WhiteElo "2547"]
[BlackElo "2316"]

1. e4 c5 2. Nf3 Nc6 3. d4 cxd4 4. Nxd4 Nf6 5. Nc3 d6 6. Bg5 e6 7. Qd2 a6 8. O-O-O Bd7 9. Kb1 Be7 10.
Nxc6 Bxc6 11. f3 h6 12. Be3 b5 13. Ne2 Qc7 14. Nd4 Bb7 15. h4 d5 16. e5 Nd7 17. f4 Nc5 18. Rh3 O-O-O 19. Bg1 Kb8 20. Qe1 g6 21. h5 Rc8 22. hxg6 fxg6 23. a3 Qd7 24. Nb3 Nxb3 25. Rxb3 g5 26. f5 exf5 27. e6 Qd6 28.
Bd4 Ka8 29. Be5 Qb6 30. Bxh8 Rxh8 31. Qe5 Rf8 32. c4 dxc4 33. Bxc4 Be4+ 34. Bd3 Bxg2 35. Bxf5 Qc6 36. Ka1 Bf3 37.
Rxf3 1-0

[Event "Tournoi de MI Clichy 92 2022"]
[Site "Clichy, France"]
[Date "2022.02.27"]
[Round "9.1"]
[White "Valles Moreno, Ivan"]
[Black "Soham Das"]
[Result "1-0"]
[TimeControl "1H40 40 moves plus 30 minutes + 30 seconds from move one"]
[WhiteElo "2393"]
[BlackElo "2378"]

1. Nf3 d5 2. g3 Bg4 3. Bg2 c6 4. O-O Nd7 5. d4 e6 6. Nbd2 f5 7. c4 Bd6 8. Qb3 Rb8 9. Re1 Qf6 10.
cxd5 cxd5 11. e4 fxe4 12. Ng5 Ne7 13. Ndxe4 dxe4 14. Nxe4 Qxd4 15. Be3 Qb4 16. Bd2 1-0